Map: Heavy Artillery LE

Players

Roland

  • Race: Protoss Protoss
  • League: Gold
  • Spawn Location: 3:00

AbaevBoss

  • Race: Protoss Protoss
  • Spawn Location: 1:00

Massa

  • Race: Terran Terran
  • League: Platinum
  • Spawn Location: 7:00

qqq

  • Race: Zerg Zerg
  • Spawn Location: 7:00

VOD

Have the link to the VOD?

Description

Time

  • Played on: Oct. 5, 2020, 4:51 p.m.
  • Length: 12:43
Show
View Real Time Build Order
Export as new Build Order

Roland Protoss 

Build Orders:  

Get SALT Encoding   

  12  0:00  Probe  
  13  0:16  Pylon  
  13  0:19  Probe  
  14  0:31  Probe (Chrono Boost)  
  15  0:37  Gateway  
  16  0:43  Probe (Chrono Boost)  
  16  0:46  Assimilator  
  16  0:50  Probe (Chrono Boost)  
  17  1:00  Probe  
  18  1:08  Gateway  
  18  1:12  Probe  
  18  1:16  Pylon  
  19  1:24  Probe  
  20  1:26  Zealot  
  22  1:44  Cybernetics Core  
  22  1:46  Probe  
  23  1:50  Assimilator  
  23  1:58  Probe  
  23  1:59  Zealot  
  26  2:10  Pylon  
  26  2:12  Probe  
  26  2:21  Warp Gate  
  26  2:24  Probe, Stalker (Chrono Boost)  
  29  2:33  Twilight Council  
  29  2:36  Probe  
  30  2:56  Stalker (Chrono Boost)  
  32  3:01  Probe  
  32  3:13  Probe  
  33  3:29  Nexus  
  33  3:33  Pylon  
  33  3:34  Probe (Chrono Boost), Charge (Chrono Boost)  
  34  3:46  Probe (Chrono Boost)  
  35  3:54  Probe (Chrono Boost)  
  36  3:56  Gateway  
  36  4:01  Probe (Chrono Boost)  
  37  4:11  Probe (Chrono Boost)  
  37  4:13  Forge  
  37  4:16  Probe (Chrono Boost)  
  38  4:20  Zealot  
  38  4:21  Zealot  
  43  4:28  Probe  
  44  4:37  Gateway  
  44  4:40  Probe  
  44  4:43  Probe  
  46  4:47  Assimilator  
  46  4:49  Protoss Ground Weapons Level 1 (Chrono Boost), Assimilator  
  46  4:52  Probe  
  47  5:05  Zealot x2  
  51  5:16  Robotics Facility  
  51  5:20  Sentry  
  53  5:23  Probe  
  53  5:24  Probe  
  55  5:31  Sentry  
  55  5:32  Sentry  
  59  5:36  Probe x2  
  61  5:48  Probe  
  62  5:55  Pylon  
  62  6:00  Pylon  
  62  6:03  Pylon  
  62  6:09  Pylon  
  62  6:13  Probe x2  
  62  6:14  Blink (Chrono Boost)  
  64  6:21  Observer (Chrono Boost)  
  64  6:25  Pylon  
  65  6:27  Pylon  
  65  6:32  Probe, Pylon  
  66  6:34  Shield Battery  
  66  6:35  Probe  
  66  6:36  Shield Battery  
  66  6:39  Shield Battery  
  67  6:44  Probe  
  67  6:45  Stalker  
  67  6:46  Stalker  
  72  6:47  Stalker x2  
  72  6:51  Protoss Ground Weapons Level 2 (Chrono Boost)  
  76  7:07  Forge  
  76  7:10  Immortal  
  80  7:23  Probe x2  
  80  7:26  Nexus  
  80  7:29  Pylon  
  82  7:31  Stalker  
  82  7:32  Stalker  
  82  7:35  Probe, Stalker  
  89  7:39  Stalker  
  89  7:40  Probe  
  92  7:44  Protoss Ground Armor Level 1 (Chrono Boost)  
  92  7:47  Probe  
  93  7:52  Probe  
  94  8:09  Zealot x3  
  94  8:10  Zealot  
  102  8:14  Dark Shrine  
  102  8:25  Probe x2  
  98  8:37  Probe x2  
  92  8:49  Probe  
  92  8:50  Probe  
  92  8:52  Sentry  
  92  8:53  Sentry  
  92  8:54  Zealot x2  
  102  9:01  Probe  
  102  9:02  Probe, Gateway  
  104  9:04  Gateway  
  104  9:06  Gateway, Immortal  
  104  9:08  Gateway  
  108  9:13  Probe  
  108  9:14  Probe  
  108  9:15  Gateway  
  110  9:26  Probe x2  
  112  9:42  Protoss Ground Armor Level 2 (Chrono Boost)  
  112  9:49  Dark Templar x2  
  112  9:51  Assimilator  
  116  9:53  Assimilator  
  116  9:59  Pylon  
  116  10:00  Pylon  
  116  10:05  Pylon  
  116  10:08  Pylon  
  116  10:10  Pylon  
  116  10:15  Pylon  
  116  10:22  Zealot, Dark Templar x2  
  116  10:23  Dark Templar x3  
  116  10:24  Dark Templar x3  
  110  11:08  Zealot  
  110  11:09  Zealot  
  110  11:10  Dark Templar x4  
  110  11:11  Dark Templar  
  92  12:08  Zealot  
Show
View Real Time Build Order
Export as new Build Order

AbaevBoss Protoss 

Build Orders: Carriers 

Get SALT Encoding   

  12  0:01  Probe  
  13  0:17  Pylon  
  13  0:18  Probe (Chrono Boost)  
  14  0:28  Probe (Chrono Boost)  
  15  0:34  Probe  
  15  0:40  Gateway  
  16  0:46  Assimilator  
  16  0:49  Probe  
  17  1:08  Probe (Chrono Boost)  
  18  1:17  Probe (Chrono Boost)  
  19  1:30  Cybernetics Core  
  19  1:41  Zealot  
  21  1:49  Probe  
  22  1:59  Nexus  
  22  2:01  Probe  
  22  2:08  Assimilator  
  23  2:11  Pylon  
  23  2:26  Stargate  
  23  2:29  Probe (Chrono Boost)  
  24  2:38  Probe (Chrono Boost), Pylon  
  24  2:43  Probe (Chrono Boost)  
  25  3:04  Void Ray  
  29  3:21  Stargate  
  29  3:25  Probe (Chrono Boost)  
  30  3:29  Assimilator  
  30  3:32  Probe (Chrono Boost)  
  32  3:36  Probe (Chrono Boost)  
  32  3:41  Probe (Chrono Boost)  
  33  3:43  Probe (Chrono Boost)  
  33  3:45  Probe (Chrono Boost)  
  35  3:49  Pylon  
  35  3:51  Probe  
  36  3:56  Probe  
  36  3:57  Protoss Air Weapons Level 1  
  36  4:01  Void Ray  
  37  4:03  Probe  
  37  4:08  Probe  
  43  4:15  Probe (Chrono Boost)  
  43  4:16  Void Ray  
  48  4:28  Probe (Chrono Boost)  
  49  4:32  Assimilator  
  49  4:37  Probe x2 (Chrono Boost)  
  51  4:44  Void Ray  
  51  4:45  Probe (Chrono Boost)  
  53  4:46  Probe (Chrono Boost)  
  53  4:50  Probe (Chrono Boost)  
  58  4:54  Probe  
  59  5:01  Probe, Pylon  
  59  5:06  Probe  
  61  5:11  Fleet Beacon  
  61  5:16  Pylon  
  61  5:17  Void Ray  
  61  5:18  Probe  
  62  5:22  Pylon  
  66  5:32  Pylon  
  66  5:57  Nexus  
  66  6:03  Carrier  
  72  6:10  Assimilator  
  72  6:11  Protoss Air Weapons Level 2 (Chrono Boost)  
  72  6:20  Stargate  
  72  6:27  Stargate  
  72  6:39  Stargate  
  72  6:42  Carrier  
  72  6:46  Pylon  
  78  6:49  Pylon  
  78  6:51  Pylon  
  78  6:54  Pylon  
  78  6:58  Pylon  
  78  7:05  Probe (Chrono Boost)  
  79  7:14  Probe (Chrono Boost)  
  81  7:16  Probe (Chrono Boost), Assimilator  
  81  7:19  Probe (Chrono Boost)  
  81  7:22  Probe (Chrono Boost)  
  84  7:25  Probe (Chrono Boost)  
  84  7:26  Probe (Chrono Boost)  
  84  7:28  Probe (Chrono Boost)  
  86  7:31  Probe (Chrono Boost)  
  86  7:32  Probe  
  88  7:37  Probe  
  88  7:43  Probe  
  88  7:44  Probe  
  87  8:18  Carrier x4  
  111  8:25  Carrier  
  117  8:29  Probe (Chrono Boost)  
  118  8:39  Probe (Chrono Boost)  
  119  8:44  Probe (Chrono Boost)  
  120  8:55  Probe  
  121  9:07  Probe, Stargate  
  122  9:11  Pylon  
  122  9:17  Nexus  
  122  9:19  Probe  
  122  9:36  Carrier x2  
  122  9:37  Carrier x2  
  146  9:47  Nexus  
  146  9:51  Assimilator  
  146  9:53  Assimilator  
  138  10:23  Carrier x2  
  150  10:30  Pylon  
  150  10:35  Pylon  
  150  10:36  Pylon  
  150  10:41  Carrier  
  156  10:51  Carrier  
  162  11:02  Carrier  
  168  11:13  Carrier  
  163  11:19  Probe (Chrono Boost)  
  160  11:29  Probe (Chrono Boost)  
  159  11:34  Probe (Chrono Boost)  
  160  11:46  Probe  
  173  11:58  Probe  
  180  12:09  Pylon  
  180  12:11  Probe (Chrono Boost)  
  180  12:13  Assimilator  
  181  12:22  Probe (Chrono Boost)  
  182  12:27  Probe (Chrono Boost)  
Show
View Real Time Build Order
Export as new Build Order

Massa Terran 

Build Orders:  

Get SALT Encoding   

  12  0:00  SCV  
  13  0:13  SCV  
  14  0:23  Supply Depot  
  14  0:25  SCV  
  15  0:31  Refinery  
  15  0:45  SCV, Barracks  
  16  0:58  SCV  
  17  1:10  SCV  
  18  1:22  SCV  
  20  1:32  Reaper  
  20  1:34  Orbital Command  
  20  1:44  Command Center  
  20  2:02  Supply Depot  
  20  2:04  Factory  
  20  2:07  Marine  
  21  2:11  SCV  
  22  2:25  SCV  
  22  2:28  Barracks Reactor  
  23  2:37  SCV  
  24  3:03  SCV x2  
  26  3:14  Marine  
  26  3:15  SCV, Marine  
  26  3:16  SCV  
  30  3:23  Factory Tech Lab  
  30  3:27  Supply Depot  
  30  3:32  Marine x2  
  32  3:48  Refinery  
  32  3:49  Engineering Bay  
  32  3:50  Marine x2  
  32  3:52  Starport  
  34  3:56  Factory  
  34  3:59  Orbital Command  
  34  4:06  SCV  
  34  4:08  Marine  
  36  4:12  Command Center  
  36  4:15  Missile Turret  
  36  4:18  Cyclone, SCV  
  40  4:30  SCV, Missile Turret  
  41  4:33  Missile Turret  
  41  4:37  Missile Turret  
  41  4:39  Barracks  
  41  4:50  Cyclone  
  41  4:51  Factory Tech Lab  
  44  5:00  SCV x2  
  44  5:01  Refinery  
  46  5:07  Medivac  
  46  5:12  SCV x2  
  52  5:14  Widow Mine, Marine  
  52  5:15  Marine  
  54  5:24  Orbital Command, SCV x2  
  56  5:31  Barracks Tech Lab  
  56  5:32  Barracks, Marine x2  
  61  5:35  Cyclone  
  61  5:36  SCV  
  62  5:50  Marine x2  
  62  5:56  SCV x3  
  67  5:59  Stimpack  
  67  6:08  Refinery, SCV x2  
  67  6:11  Refinery  
  69  6:15  Supply Depot  
  69  6:18  Supply Depot  
  69  6:19  Supply Depot  
  69  6:20  Missile Turret  
  69  6:23  Missile Turret  
  69  6:27  Terran Infantry Weapons Level 1, Missile Turret  
  69  6:36  SCV, Marine, Cyclone x2  
  69  6:39  Marine, Mag-Field Accelerator  
  78  6:42  SCV x2  
  78  6:43  Supply Depot  
  80  6:48  SCV  
  81  6:54  SCV x2  
  81  6:58  Barracks  
  81  7:00  SCV  
  84  7:03  Barracks Tech Lab  
  84  7:08  Marauder, Marine x2  
  88  7:17  Cyclone x2  
  88  7:19  SCV x3  
  97  7:29  Marauder  
  99  7:31  SCV x2  
  99  7:34  Refinery  
  101  7:37  Supply Depot  
  101  7:39  Combat Shield, Supply Depot  
  101  7:40  Supply Depot  
  101  7:43  Command Center  
  101  7:45  Armory  
  101  7:49  Engineering Bay  
  101  7:53  Concussive Shells  
  101  7:59  SCV x2  
  101  8:01  Missile Turret  
  101  8:02  Supply Depot  
  101  8:04  Marauder x2, Supply Depot  
  101  8:05  Marine x2  
  109  8:08  Barracks Reactor  
  109  8:12  Cyclone  
  111  8:20  Sensor Tower  
  111  8:26  Marauder x2  
  112  8:46  Cyclone  
  112  8:47  Cyclone, Marauder  
  114  8:49  Marauder, Marine x3  
  114  8:50  Marine  
  120  9:07  Marine x2  
  120  9:08  Marauder  
  124  9:11  Marauder  
  126  9:18  SCV x3  
  126  9:19  Cyclone x2  
  135  9:30  SCV x3, Marauder  
  140  9:35  Marauder  
  140  9:36  Marine x4  
  146  9:38  Terran Infantry Weapons Level 2  
  146  9:39  Terran Infantry Armor Level 1  
  146  9:41  Terran Vehicle And Ship Armor Level 1  
  146  9:45  Armory  
  146  9:51  Marauder  
  148  9:54  Marine x4  
  148  9:57  Marauder  
  154  10:12  Cyclone, Marine x2  
  154  10:13  Refinery, Marauder, Marine  
  154  10:14  Cyclone  
  156  10:18  Marauder  
  146  10:33  Marine x4  
  146  10:35  Marauder  
  152  10:39  Marauder  
  152  10:42  Barracks  
  154  10:44  Barracks  
  154  10:51  Marine x2  
  154  10:54  Supply Depot  
  154  10:55  Supply Depot  
  154  10:56  Supply Depot  
  156  10:57  Supply Depot  
  156  10:58  Supply Depot  
  156  10:59  Supply Depot  
  156  11:11  Marine  
  156  11:12  Marine x2  
  156  11:13  Marine  
  156  11:16  Cyclone, Marauder, Marine  
  133  11:29  Marine  
  133  11:30  Marine  
  135  11:34  Marine  
  135  11:37  Marine  
  94  11:47  Marine  
  94  11:48  SCV, Marine  
  94  11:49  SCV  
  94  11:50  Orbital Command  
  94  11:51  Marine  
  80  11:55  Marine  
  80  12:00  SCV  
  60  12:01  SCV  
  60  12:03  Marine  
  60  12:04  Marine  
  60  12:05  Marine  
  60  12:06  Marine  
  63  12:09  Marine  
  63  12:13  SCV x2  
  65  12:21  Marine x2  
  66  12:23  Marine  
  66  12:24  Marine  
  66  12:25  SCV x2  
  58  12:40  Barracks Reactor  
Show
View Real Time Build Order
Export as new Build Order

qqq Zerg 

Build Orders: Hatch First, Swarm Host 

Get SALT Encoding   

  12  0:00  Drone  
  13  0:08  Drone  
  14  0:37  Hatchery  
  14  0:42  Drone  
  14  0:56  Spawning Pool  
  13  1:04  Overlord  
  13  1:09  Drone  
  14  1:15  Extractor  
  14  1:16  Drone  
  14  1:26  Drone  
  14  1:27  Drone  
  16  1:53  Drone  
  17  1:54  Queen  
  17  1:55  Queen  
  17  2:00  Drone  
  21  2:16  Roach Warren  
  21  2:17  Drone  
  21  2:21  Drone  
  22  2:25  Drone  
  23  2:37  Lair  
  23  2:41  Drone  
  23  2:43  Drone  
  25  2:51  Drone  
  25  2:53  Overlord  
  25  2:57  Drone  
  27  3:02  Drone  
  28  3:25  Drone  
  29  3:27  Overlord  
  29  3:28  Overlord x2  
  29  3:29  Drone x3  
  29  3:30  Drone  
  29  3:32  Drone  
  34  3:36  Roach  
  36  3:46  Hydralisk Den  
  36  3:47  Spore Crawler  
  34  3:50  Spore Crawler  
  34  3:52  Glial Reconstitution  
  34  3:54  Drone  
  34  3:57  Drone  
  34  3:59  Drone  
  34  4:00  Drone  
  37  4:04  Extractor, Drone  
  37  4:06  Drone  
  38  4:10  Drone  
  38  4:11  Drone  
  38  4:13  Drone  
  38  4:15  Drone  
  42  4:18  Hydralisk  
  44  4:28  Drone x2  
  44  4:29  Hydralisk  
  48  4:33  Roach  
  48  4:34  Roach  
  48  4:36  Drone  
  53  4:39  Overlord  
  53  4:43  Extractor  
  53  4:45  Drone x2  
  54  4:47  Extractor  
  53  4:57  Drone  
  53  4:59  Drone  
  55  5:03  Muscular Augments  
  55  5:05  Hydralisk  
  57  5:07  Drone  
  57  5:08  Drone  
  57  5:10  Drone  
  57  5:13  Hydralisk  
  60  5:16  Roach  
  60  5:17  Hatchery  
  63  5:25  Roach  
  63  5:26  Drone x2  
  67  5:33  Drone  
  68  5:35  Evolution Chamber  
  68  5:42  Drone  
  68  5:47  Infestation Pit  
  67  5:52  Overlord x5  
  67  6:01  Zergling x2  
  68  6:07  Zerg Missile Weapons Level 1  
  68  6:14  Drone  
  68  6:16  Hydralisk, Nydus Network  
  72  6:18  Roach  
  72  6:19  Hydralisk  
  72  6:20  Hatchery  
  73  6:27  Hydralisk  
  73  6:30  Swarm Host  
  77  6:47  Swarm Host x2  
  77  6:50  Hydralisk  
  77  6:51  Zergling x4  
  77  6:52  Zergling x6  
  77  6:53  Drone x3  
  93  7:07  Nydus Canal  
  93  7:08  Swarm Host  
  93  7:09  Swarm Host  
  93  7:11  Drone  
  100  7:20  Grooved Spines  
  100  7:22  Drone  
  101  7:23  Queen  
  103  7:34  Swarm Host  
  103  7:35  Swarm Host  
  109  7:37  Hydralisk  
  109  7:39  Drone  
  109  7:40  Drone x2  
  109  7:43  Spore Crawler x2  
  112  7:45  Drone, Spine Crawler  
  112  7:47  Drone  
  113  7:52  Hydralisk x2  
  113  7:54  Overlord  
  117  8:03  Hydralisk  
  119  8:07  Hatchery  
  106  8:16  Hydralisk  
  106  8:18  Hive  
  106  8:24  Swarm Host  
  106  8:26  Drone x3  
  106  8:27  Drone x3, Hydralisk  
  114  8:28  Hydralisk  
  114  8:29  Zergling x2  
  120  8:35  Nydus Canal  
  120  8:41  Overlord x5  
  120  8:58  Queen, Overlord x2  
  120  9:01  Zerg Ground Armor Level 1  
  122  9:12  Hydralisk x2  
  122  9:15  Drone x5  
  122  9:16  Drone  
  132  9:32  Hydralisk x4  
  132  9:33  Hydralisk  
  139  9:40  Hydralisk  
  139  9:42  Zergling x2  
  139  9:43  Drone x4  
  139  9:44  Drone x2  
  148  9:45  Extractor  
  148  9:46  Extractor  
  148  9:50  Extractor  
  148  9:52  Extractor, Spore Crawler  
  143  9:54  Spore Crawler x2  
  143  9:59  Nydus Canal  
  141  10:00  Drone  
  141  10:01  Drone x4  
  141  10:04  Viper  
  149  10:34  Drone x4  
  149  10:35  Drone x7  
  158  10:43  Extractor, Spore Crawler  
  158  10:44  Extractor, Drone x2  
  137  10:56  Hydralisk  
  117  10:57  Hydralisk x5  
  117  10:59  Drone x6  
  117  11:00  Drone  
  117  11:11  Overseer  
  117  11:12  Pneumatized Carapace  
  109  11:25  Hydralisk x4  
  106  11:27  Drone x3, Hydralisk x3  
  116  11:33  Hydralisk x2  
  116  11:35  Hydralisk x2  
  124  11:44  Hydralisk x4  
  132  11:56  Hydralisk x2  
  136  12:02  Ultralisk Cavern  
  127  12:31  Drone x4  
Tags
 
Add a new tag
Caveats
  • Supply blocks, unpowered buildings, or Contaminate may cause inaccurate times.
  • Supply counts are checked every 10 seconds.